 Dungeon Crawl Stone Soup version 0.28-a0-390-gb254ac4902 (webtiles) character file.

Game seed: 6503264657789951103

121 Zeld the Slasher (level 5, -3/47 HPs)
             Began as a Gnoll Cinder Acolyte on Sept 3, 2021.
             Was a High Priest of Ignis.
             Slain by Crazy Yiuf (7 damage)
             ... on level 3 of the Dungeon.
             The game lasted 00:04:05 (4333 turns).

Zeld the Slasher (Gnoll Cinder Acolyte)             Turns: 4333, Time: 00:04:06

Health: -3/47      AC:  2    Str: 14    XL:     5   Next: 5%
Magic:  5/9        EV: 11    Int: 13    God:    Ignis [*****.]
Gold:   140        SH:  0    Dex:  8    Spells: 10/10 levels left

rFire   + . .      SeeInvis .   a - -1 falchion (flame)
rCold   . . .      Faith    .   (no shield)
rNeg    . . .      Spirit   .   b - +0 robe
rPois   .          Reflect  .   (no helmet)
rElec   .          Harm     .   (no cloak)
rCorr   .          Rampage  .   (no gloves)
Will    .....                   (no boots)
Stlth   +.........              (no amulet)
HPRegen 0.15/turn               (no ring)
MPRegen 0.11/turn               (no ring)

@: no status effects
A: fangs 1, strong nose, distributed training
a: Renounce Religion, Sea of Fire, Foxfire Swarm, Rising Flame


You were on level 3 of the Dungeon.
You worshipped Ignis.
Ignis was extremely pleased with you.
You visited 1 branch of the dungeon, and saw 3 of its levels.

You collected 140 gold pieces.

Inventory:

Hand Weapons
 a - a -1 falchion of flaming (weapon)
Armour
 b - a +0 robe (worn)
Scrolls
 c - 3 scrolls of identify {unknown}
 d - 3 scrolls of enchant armour {unknown}
 f - 2 scrolls of teleportation {unknown}
 g - a scroll of holy word {unknown}
 i - a scroll of immolation {unknown}
Potions
 e - a potion of haste
 h - a potion of flight {unknown}
 j - 4 potions of might {unknown}
 k - a potion of curing {unknown}
 l - a potion of magic {unknown}


   Skills:
 + Level 6.6 Fighting
 + Level 1.3 Short Blades
 + Level 6.6 Long Blades
 + Level 1.3 Axes
 + Level 1.3 Maces & Flails
 + Level 1.3 Polearms
 + Level 1.3 Staves
 + Level 1.3 Slings
 + Level 1.3 Bows
 + Level 1.3 Crossbows
 + Level 1.3 Throwing
 + Level 1.3 Armour
 + Level 1.3 Dodging
 + Level 1.3 Stealth
 + Level 1.3 Shields
 + Level 1.3 Unarmed Combat
 + Level 3.1 Spellcasting
 + Level 1.1 Conjurations
 + Level 1.1 Hexes
 + Level 1.1 Summonings
 + Level 1.1 Necromancy
 + Level 1.1 Translocations
 + Level 1.1 Transmutations
 + Level 5.5 Fire Magic
 + Level 1.1 Ice Magic
 + Level 1.1 Air Magic
 + Level 1.1 Earth Magic
 + Level 1.1 Poison Magic
 + Level 1.5 Invocations
 + Level 1.3 Evocations


You had 10 spell levels left.
You didn't know any spells.
Your spell library contained the following spells:

 Spells                   Type           Power      Damage    Failure   Level
 Scorch                   Fire           32%        2d6       3%          2
 Foxfire                  Conj/Fire      40%        2x1d6     6%          1
 Conjure Flame            Conj/Fire      10%        6-21      17%         3
 Inner Flame              Hex/Fire       10%        N/A       17%         3
 Sublimation of Blood     Necr           2%         N/A       22%         2
 Wereblood                Tmut           4%         N/A       22%         2
 Flame Wave               Conj/Fire      10%        3d4       50%         4
 Summon Hydra             Summ           2%         N/A       100%        7


Dungeon Overview and Level Annotations

Branches:
Dungeon (3/15)

Altars:
Qazlal

Annotations:
D:3 Crazy Yiuf


Innate Abilities, Weirdness & Mutations

You have very sharp teeth.
Your uncanny sense of smell can sniff out nearby items.
Your experience applies equally to all skills.


Message History

You kill the ball python!
No target in view!
No target in view!
You see here a ball python corpse.
Found a mace.
Found a mace.
Found a mace.
Found a runed translucent door.
You see here a +0 mace.
No target in view!
No target in view!
Found a mace.
Found a mace.
Press: ? - help, v - describe, . - travel
Here: Crazy Yiuf, wielding a +2 quarterstaff of chaos and wearing a +0 cloak (fire blocked by a runed translucent door)
The floor.
You open the door. You hit Crazy Yiuf. You burn Crazy Yiuf.
Crazy Yiuf is moderately wounded.
Crazy Yiuf hits you with a +2 quarterstaff of chaos!
You hit Crazy Yiuf. You burn Crazy Yiuf.
Crazy Yiuf is heavily wounded.
Crazy Yiuf hits you with a +2 quarterstaff of chaos!
You hit Crazy Yiuf. You burn Crazy Yiuf.
Crazy Yiuf is severely wounded.
Crazy Yiuf hits you with a +2 quarterstaff of chaos.
You feel your power leaking away.
You hit Crazy Yiuf but do no damage.
Crazy Yiuf is severely wounded.
Crazy Yiuf drinks a potion.
Crazy Yiuf seems to speed up.
You hit Crazy Yiuf but do no damage.
Crazy Yiuf is severely wounded.
Crazy Yiuf hits you with a +2 quarterstaff of chaos!
* * * LOW HITPOINT WARNING * * *
Crazy Yiuf freezes you.
* * * LOW HITPOINT WARNING * * *
Unknown command.
You hit Crazy Yiuf. You burn Crazy Yiuf.
Crazy Yiuf is almost dead.
Crazy Yiuf hits you with a +2 quarterstaff of chaos!
You die...

.>.....................#..##
.##............#.#.........#
.##..#....##.#.#.#######.###
.##..#..########## #...#
....[...# #####
###...####♣♣♣♣♣
...........)♣)♣♣♣ ###
.###..#......♣..♣#.).#
.###........♣♣♣♣@g.).#
....#......♣♣ ♣♣#..)#
........##♣♣ ### .....#..#
+#...#..# .#...##.# #####
### .#...##.#####.#.# ###.##
.....##..##...#.###.#..#
.....###.##.#..........#


You could see Crazy Yiuf (fast).

Vanquished Creatures
  4 gnolls
  2 adders (D:2)
  5 dart slugs
  9 ball pythons
  4 endoplasms
  4 giant cockroaches (D:1)
  5 goblins
  4 hobgoblins
  3 jackals (D:1)
  7 bats
  3 frilled lizards
  2 kobolds
  5 rats
57 creatures vanquished.

Notes
Turn   | Place    | Note
-------+----------+-------------------------------------------
     0 | D:1      | Zeld the Gnoll Cinder Acolyte began the quest for the Orb.
     0 | D:1      | Reached XP level 1. HP: 23/23 MP: 4/4
    94 | D:1      | Reached XP level 2. HP: 22/29 MP: 5/5
   174 | D:1      | Found a faded altar of an unknown god.
   756 | D:1      | Reached XP level 3. HP: 8/35 MP: 7/7
  1648 | D:1      | Reached skill level 1 in Invocations
  1901 | D:2      | Found a stormy altar of Qazlal.
  2188 | D:1      | Reached skill level 1 in Short Blades
  2188 | D:1      | Reached skill level 1 in Axes
  2188 | D:1      | Reached skill level 1 in Maces & Flails
  2188 | D:1      | Reached skill level 1 in Polearms
  2188 | D:1      | Reached skill level 1 in Staves
  2188 | D:1      | Reached skill level 1 in Slings
  2188 | D:1      | Reached skill level 1 in Bows
  2188 | D:1      | Reached skill level 1 in Crossbows
  2188 | D:1      | Reached skill level 1 in Throwing
  2188 | D:1      | Reached skill level 1 in Armour
  2188 | D:1      | Reached skill level 1 in Dodging
  2188 | D:1      | Reached skill level 1 in Stealth
  2188 | D:1      | Reached skill level 1 in Shields
  2188 | D:1      | Reached skill level 1 in Unarmed Combat
  2188 | D:1      | Reached skill level 1 in Evocations
  2188 | D:1      | Reached XP level 4. HP: 12/41 MP: 8/8
  3225 | D:2      | Reached skill level 1 in Conjurations
  3225 | D:2      | Reached skill level 1 in Hexes
  3225 | D:2      | Reached skill level 1 in Summonings
  3225 | D:2      | Reached skill level 1 in Necromancy
  3225 | D:2      | Reached skill level 1 in Translocations
  3225 | D:2      | Reached skill level 1 in Transmutations
  3225 | D:2      | Reached skill level 1 in Ice Magic
  3225 | D:2      | Reached skill level 1 in Air Magic
  3225 | D:2      | Reached skill level 1 in Earth Magic
  3225 | D:2      | Reached skill level 1 in Poison Magic
  3935 | D:3      | Reached XP level 5. HP: 44/47 MP: 9/9
  4323 | D:3      | Found a runed translucent door.
  4324 | D:3      | Noticed Crazy Yiuf
  4333 | D:3      | Slain by Crazy Yiuf

Illustrated notes

Levels and vault maps discovered:
D:1:      amcnicky_arrival_wind_blow, layout_rooms,
          ebering_ecumenical_altar_ruins, serial_rivers,
          chequers_serial_rivers_small_3, chequers_serial_rivers_room_a,
          chequers_serial_rivers_large_a, chequers_serial_rivers_large_b,
          chequers_serial_rivers_marsh, chequers_serial_rivers_micro_a
D:2:      layout_loops_ring, basic_altar, minmay_crystal_water,
          minmay_splitting_lines
D:3:      layout_basic, uniq_crazy_yiuf_cottage

Skill      XL: |  1  2  3  4 |
---------------+-------------+-----
Invocations    | 1 |  1.5
Short Blades   | 1 |  1.3
Axes           | 1 |  1.3
Maces & Flails | 1 |  1.3
Polearms       | 1 |  1.3
Staves         | 1 |  1.3
Slings         | 1 |  1.3
Bows           | 1 |  1.3
Crossbows      | 1 |  1.3
Throwing       | 1 |  1.3
Armour         | 1 |  1.3
Dodging        | 1 |  1.3
Stealth        | 1 |  1.3
Shields        | 1 |  1.3
Unarmed Combat | 1 |  1.3
Evocations     | 1 |  1.3
Spellcasting   | 3 |  3.1
Conjurations   | 1 |  1.1
Hexes          | 1 |  1.1
Summonings     | 1 |  1.1
Necromancy     | 1 |  1.1
Translocations | 1 |  1.1
Transmutations | 1 |  1.1
Ice Magic      | 1 |  1.1
Air Magic      | 1 |  1.1
Earth Magic    | 1 |  1.1
Poison Magic   | 1 |  1.1
Fighting       | |  6.6
Long Blades    | |  6.6
Fire Magic     | |  5.5

Action                   |  1- 3 |  4- 6 || total
-------------------------+-------+-------++-------
Melee: Falchion          |   124 |    82 ||   206
       Bite              |     4 |     5 ||     9
 Stab: Sleeping          |       |     1 ||     1
Armor: Robe              |    32 |    23 ||    55
Dodge: Dodged            |    95 |    55 ||   150

Table legend: (Time is in decaauts)
 A = Elapsed time spent in this place.
 B = Non-inter-level travel time spent in this place.
 C = Inter-level travel time spent in this place.
 D = Time resting spent in this place.
 E = Time spent auto-exploring this place.
 F = Levels seen in this place.
 G = Mean time per level.
                   A        B        C        D        E       F      G
               +--------+--------+--------+--------+--------+-----+--------+
         Total |   4401 |   4368 |     33 |    867 |   2873 |   3 | 1467.0 |
       Dungeon |   4401 |   4368 |     33 |    867 |   2873 |   3 | 1467.0 |
               +--------+--------+--------+--------+--------+-----+--------+

Top non-repeatable levels by time:
     D:1: 2738 daAuts
     D:2: 997 daAuts
     D:3: 664 daAuts
